AoeStats
← MZTK | GaboxNet .i.

Arabia

510032220Analyzed
2v2 RM · 3d ago on Sep 29, 2026· 30m 13s· 4 players
Game mode
Random Map
Map size
Medium (4 player)
Population
200
Speed
Normal
Resources
Standard
Victory
Conquest
Starting age
Dark Age
Ending age
Imperial Age
RankedLock teamsTeams togetherTeam positionsShared explorationLock speedFull tech treeHidden civsTurbo modeCheats
Victory
Defeat
🇦🇷 Persians · Argentina
1055
+17
🇦🇷 Slavs · Argentina
1048
+17
🇲🇽 Malians · Mexico
1113
-19
🇺🇸 Byzantines · United States
1019
-15
Jabrawlter
0:33 Loom
11:14 Feudal Age
13:05 Wheelbarrow
12:18 Double-Bit Axe
12:36 Man-at-Arms
17:22 Horse Collar
29:36 Castle Age
MZTK | GaboxNet .i.
1:44 Loom
9:35 Feudal Age
10:23 Man-at-Arms
17:19 Fletching
19:49 Arson
20:44 Double-Bit Axe
27:21 Castle Age
26:40 Gold Mining
27:24 Elite Skirmisher
28:06 Padded Archer Armor
Hola
4:38 Loom
8:57 Feudal Age
9:34 Double-Bit Axe
17:49 Fletching
20:42 Padded Archer Armor
25:35 Castle Age
24:19 Gold Mining
24:15 Horse Collar
25:27 Crossbowman
26:12 Bodkin Arrow
AquilesDaiMoN
6:13 Loom
9:06 Feudal Age
10:00 Man-at-Arms
16:19 Double-Bit Axe
16:54 Fletching
17:04 Padded Archer Armor
18:23 Wheelbarrow
17:45 Horse Collar
22:38 Castle Age
21:59 Town Watch
23:38 Crossbowman
26:24 Hand Cart
27:01 Bow Saw
26:49 Bodkin Arrow
27:09 Leather Archer Armor
27:47 Gold Mining
Connection lost

Rejoining the realm…

Still unreachable

The connection could not be restored.

Session expired

The server has moved on; the page needs a fresh start.